 Dungeon Crawl Stone Soup version 0.19.1 (webtiles) character file.

10 M4edhros the Grave Robber (level 2, 0/17 HPs)
             Began as an Octopode Necromancer on Dec 23, 2016.
             Slain by Ijyb
             ... wielding a +0 dagger
              (2 damage)
             ... on level 3 of the Dungeon.
             The game lasted 00:01:39 (334 turns).

M4edhros the Grave Robber (Octopode Necromancer)     Turns: 334, Time: 00:01:40

Health: 0/17       AC:  3    Str:  7    XL:     2   Next: 20%
Magic:  4/5        EV: 13    Int: 17    God:
Gold:   42         SH:  0    Dex: 12    Spells: 1 memorised, 4 levels left

rFire  . . .     SeeInvis .       - Unarmed
rCold  . . .     Gourm    .     (no shield)
rNeg   . . .     Faith    +     (helmet restricted)
rPois  .         Spirit   .     m - amulet of faith
rElec  .         Reflect  .     (no ring)
rCorr  .         Harm     .     (no ring)
MR     .....                    (no ring)
Stlth  +++.......               (no ring)
                                (no ring)
                                (no ring)
                                (no ring)
                                (no ring)

@: no status effects
A: almost no armour, stealthy swim, amphibious, 8 rings, constrict 8, icy blue
scales 1, camouflage 1, gelatinous body 1
a: no special abilities


You were on level 3 of the Dungeon.
You were not hungry.

You visited 1 branch of the dungeon, and saw 3 of its levels.

You collected 42 gold pieces.

Inventory:

Hand Weapons
 k - a +0 hunting sling
Missiles
 l - 47 stones (quivered)
Armour
 e - a +0 shield
Jewellery
 m - an amulet of faith (around mantle)
Scrolls
 c - 4 scrolls of identify {unknown}
 d - a scroll of recharging {unknown}
 f - a scroll of enchant weapon {unknown}
 h - 2 scrolls of remove curse {unknown}
 i - a scroll of fog {unknown}
Books
 a - a book of Necromancy

   Spells                             Type                      Level
   a - Pain                           Necromancy                   1
   b - Animate Skeleton               Necromancy                   1
   c - Vampiric Draining              Necromancy                   3
   d - Regeneration                   Charms/Necromancy            3
   e - Animate Dead                   Necromancy                   4
   f - Control Undead                 Necromancy                   4
Comestibles
 b - a bread ration
 g - 3 fruits
 n - a slice of pizza


   Skills:
 - Level 2.0 Dodging
 - Level 2.6 Stealth
 + Level 1.8 Unarmed Combat
 - Level 2.0 Spellcasting
 - Level 4.0 Necromancy


You had 4 spell levels left.
You knew the following spells:

 Your Spells              Type           Power        Failure   Level  Hunger
a - Pain                  Necr           ###.         3%          1    #......


Dungeon Overview and Level Annotations

Branches:
Dungeon (3/15)

Altars:

Annotations:
D:3 Ijyb


Innate Abilities, Weirdness & Mutations

You cannot wear most types of armour.
You are very stealthy in the water. (Stealth+)
You are amphibious.
You can wear up to eight rings at the same time.
You can use your tentacles to constrict eight enemies at once.
Your skin changes colour to match your surroundings (Stealth+).
Your rubbery body absorbs attacks. (AC +1, EV +1)
You are partially covered in icy blue scales. (AC +2)


Message History

Ijyb is moderately wounded.
You constrict Ijyb, but do no damage. Ijyb hits you with a dagger.
* * * LOW HITPOINT WARNING * * *
You aren't carrying any potions.
Okay, then.
You tentacle-slap Ijyb. You squeeze Ijyb, but do no damage.
Ijyb is moderately wounded.
You constrict Ijyb, but do no damage. Ijyb closely misses you.
You tentacle-slap Ijyb.
Ijyb is moderately wounded.
You constrict Ijyb, but do no damage. Ijyb hits you but does no damage.
You tentacle-slap Ijyb but do no damage.
You tentacle-slap Ijyb.
Ijyb is heavily wounded.
You constrict Ijyb, but do no damage. Ijyb hits you but does no damage.
You tentacle-slap Ijyb but do no damage.
You squeeze Ijyb, but do no damage.
Ijyb is heavily wounded.
You constrict Ijyb. Ijyb hits you with a dagger.
You die...

#.....## .## +......
.... #.....# ..#
###.....# ###..####
#.......#####.......
#...... #.........#
###....g###..)......#
.......@..'.........#
###..†..###.........#
#.....# #.###.....#
####### #.#.......#
#.#.......#
#.#.....######
#.#.....# #...
#.#.....# #...
.#.....###...


You could see Ijyb.

Vanquished Creatures
  2 goblins
  3 kobolds
  3 bats
  2 frilled lizards
  A rat (D:2)
11 creatures vanquished.

Notes
Turn   | Place    | Note
-------+----------+-------------------------------------------
     0 | D:1      | M4edhros the Octopode Necromancer began the quest for the Orb.
     0 | D:1      | Reached XP level 1. HP: 11/11 MP: 3/3
    79 | D:2      | Reached skill level 1 in Unarmed Combat
   238 | D:2      | Reached XP level 2. HP: 6/17 MP: 3/5
   326 | D:3      | Noticed Ijyb
   328 | D:3      | Gained mutation: You are partially covered in icy blue scales. (AC +2) [potion of beneficial mutation]
   334 | D:3      | Slain by Ijyb

Skill      XL: |  1 |
---------------+----+-----
Unarmed Combat | 1 |  1.8
Dodging        | |  2.0
Stealth        | |  2.6
Spellcasting   | |  2.0
Necromancy     | |  4.0

Action                   || total
-------------------------++-------
Melee: Unarmed           ||    13
       Constrict         ||     3
       Tentacles         ||     4
       Punch             ||     1
 Cast: Pain              ||    16
  Use: Potion            ||     1
Armor: Skin              ||     4
Dodge: Dodged            ||     9
